TOP OF THE 1ST |
Rome Braves batting - Pitching for Vancouver Canadians : RHP Robby Granados
|
Pitching: RHP Robby Granados
|
|
Batting: RHB Bill Turnbull
|
0-0: Foul Ball, location: 2F 0-1: Ball 1-1: Foul Ball, location: 2F 1-2: Strikes out swinging
|
Batting: RHB Joe Young
|
0-0: Swinging Strike 0-1: Ground out 1-3 (Groundball, 13S, EV 70.6 MPH)
|
Batting: RHB Corey Dalton
|
0-0: Ball 1-0: Ground out 6-3 (Groundball, 56, EV 80.0 MPH)
|
Top of the 1st over - 0 runs, 0 hits, 0 errors, 0 left on base; Rome 0 - Vancouver 0 |
BOTTOM OF THE 1ST |
Vancouver Canadians batting - Pitching for Rome Braves : RHP Gabe Fillmore
|
Pitching: RHP Gabe Fillmore
|
|
Batting: RHB Lee McKay
|
0-0: Ball 1-0: Ball 2-0: SINGLE (Line Drive, 6MD, EV 98.8 MPH)
|
Batting: LHB Ray Whitehead
|
0-0: Swinging Strike 0-1: Called Strike 0-2: Ball 1-2: Ball 2-2: Ball 3-2: Strikes out swinging Lee McKay steals 2nd base Batter strikes out.
|
Batting: RHB Cesar Chavez
|
0-0: Ball 1-0: Called Strike 1-1: Ball 2-1: Foul Ball, location: 2F 2-2: Foul Ball, location: 2F 2-2: Ground out 5-3 (Groundball, 5S, EV 76.9 MPH)
|
Batting: LHB Sonny Flood
|
0-0: Ball 1-0: Ground out 5-3 (Groundball, 5, EV 101.2 MPH)
|
Bottom of the 1st over - 0 runs, 1 hit, 0 errors, 1 left on base; Rome 0 - Vancouver 0 |
TOP OF THE 2ND |
Rome Braves batting - Pitching for Vancouver Canadians : RHP Robby Granados
|
Batting: RHB Jose Ramos
|
0-0: Foul Ball, location: 2F 0-1: Called Strike 0-2: Ball 1-2: Foul Ball, location: 2F 1-2: Fly out, F9 (Line Drive, 9LS, EV 86.9 MPH)
|
Batting: LHB Art D'Ascenzo
|
0-0: Ball 1-0: Called Strike 1-1: Swinging Strike 1-2: Ball 2-2: Ball 3-2: Foul Ball, location: 2F 3-2: Foul Ball, location: 2F 3-2: Foul Ball, location: 2F 3-2: Foul Ball, location: 2F 3-2: Ground out 6-3 (Groundball, 6, EV 88.8 MPH)
|
Batting: SHB Jose Melendez
|
0-0: Ball 1-0: Foul Ball, location: 2F 1-1: Foul Ball, location: 2F 1-2: Strikes out swinging
|
Top of the 2nd over - 0 runs, 0 hits, 0 errors, 0 left on base; Rome 0 - Vancouver 0 |
BOTTOM OF THE 2ND |
Vancouver Canadians batting - Pitching for Rome Braves : RHP Gabe Fillmore
|
Batting: RHB Kyle Scruggs
|
0-0: Ball 1-0: Ball 2-0: Foul Ball, location: 2F 2-1: Ground out 5-3 (Groundball, 56, EV 86.2 MPH)
|
Batting: SHB Scott Robbins
|
0-0: Ball 1-0: Ground out 3-1 (Groundball, 34S, EV 85.6 MPH)
|
Batting: RHB Porter Welsh
|
0-0: Foul Ball, location: 2F 0-1: Fly out, F5 (Popup, 5SF, EV 78.8 MPH)
|
Bottom of the 2nd over - 0 runs, 0 hits, 0 errors, 0 left on base; Rome 0 - Vancouver 0 |
TOP OF THE 3RD |
Rome Braves batting - Pitching for Vancouver Canadians : RHP Robby Granados
|
Batting: LHB Ryan Murdock
|
0-0: Ball 1-0: Ball 2-0: Called Strike 2-1: Foul Ball, location: 2F 2-2: Strikes out looking
|
Batting: RHB Yojiro Hayashi
|
0-0: Ball 1-0: Ball 2-0: Called Strike 2-1: Ground out 5-3 (Groundball, 56, EV 87.5 MPH)
|
Batting: RHB Gerard Michel
|
0-0: Called Strike 0-1: Ball 1-1: Ground out 5-3 (Groundball, 56S, EV 76.9 MPH)
|
Top of the 3rd over - 0 runs, 0 hits, 0 errors, 0 left on base; Rome 0 - Vancouver 0 |
BOTTOM OF THE 3RD |
Vancouver Canadians batting - Pitching for Rome Braves : RHP Gabe Fillmore
|
Batting: RHB Jose Garza
|
0-0: Foul Ball, location: 2F 0-1: Ball 1-1: DOUBLE (Line Drive, 5D, EV 105.6 MPH)
|
Batting: RHB Bobby Lasaguna
|
0-0: Foul Ball, location: 2F 0-1: Swinging Strike 0-2: Ball 1-2: Ball 2-2: Foul Ball, location: 2F 2-2: TRIPLE (Flyball, 78XD, EV 93.8 MPH) Jose Garza scores
|
Batting: RHB Lee McKay
|
0-0: Ball 1-0: Called Strike 1-1: Ball 2-1: Swinging Strike 2-2: Ball 3-2: Base on Balls
|
Batting: LHB Ray Whitehead
|
0-0: Fielders Choice at 2nd, 4-6 (Groundball, 4S, EV 90.0 MPH) Bobby Lasaguna scores
|
Batting: RHB Cesar Chavez
|
0-0: Called Strike 0-1: Ball Ray Whitehead steals 2nd base 1-1: Called Strike 1-2: Ground out 5-3 (Groundball, 5S, EV 85.6 MPH)
|
Batting: LHB Sonny Flood
|
0-0: Swinging Strike 0-1: Ball 1-1: Ball 2-1: Fly out, F7 (Line Drive, 7S, EV 95.0 MPH)
|
Bottom of the 3rd over - 2 runs, 2 hits, 0 errors, 1 left on base; Rome 0 - Vancouver 2 |
TOP OF THE 4TH |
Rome Braves batting - Pitching for Vancouver Canadians : RHP Robby Granados
|
Batting: RHB Bill Turnbull
|
0-0: Ground out 6-3 (Groundball, 6, EV 95.0 MPH)
|
Batting: RHB Joe Young
|
0-0: Ball 1-0: Called Strike 1-1: Ball 2-1: Ball 3-1: Called Strike 3-2: Foul Ball, location: 2F 3-2: Base on Balls
|
Batting: RHB Corey Dalton
|
0-0: Called Strike Joe Young steals 2nd base 0-1: Swinging Strike 0-2: Foul Ball, location: 2F 0-2: Strikes out swinging
|
Batting: RHB Jose Ramos
|
0-0: Called Strike 0-1: Ground out 1-3 (Groundball, 13S, EV 68.1 MPH)
|
Top of the 4th over - 0 runs, 0 hits, 0 errors, 1 left on base; Rome 0 - Vancouver 2 |
BOTTOM OF THE 4TH |
Vancouver Canadians batting - Pitching for Rome Braves : RHP Gabe Fillmore
|
Batting: RHB Kyle Scruggs
|
0-0: Ball 1-0: Ball 2-0: Ground out U3 (Groundball, 34S, EV 88.8 MPH)
|
Batting: SHB Scott Robbins
|
0-0: Ball 1-0: Called Strike 1-1: Ball 2-1: Swinging Strike 2-2: Ground out U3 (Groundball, 3S, EV 75.6 MPH)
|
Batting: RHB Porter Welsh
|
0-0: Called Strike 0-1: Ball 1-1: Foul Ball, location: 2F 1-2: Strikes out looking
|
Bottom of the 4th over - 0 runs, 0 hits, 0 errors, 0 left on base; Rome 0 - Vancouver 2 |
TOP OF THE 5TH |
Rome Braves batting - Pitching for Vancouver Canadians : RHP Robby Granados
|
Batting: LHB Art D'Ascenzo
|
0-0: Called Strike 0-1: Ball 1-1: Foul Ball, location: 2F 1-2: Ball 2-2: Foul Ball, location: 2F 2-2: Foul Ball, location: 2F 2-2: Ball 3-2: SINGLE (Flyball, 6MD, EV 96.2 MPH)
|
Batting: SHB Jose Melendez
|
0-0: Foul Ball, location: 2F 0-1: Grounds into double play, 5-4-3 (Groundball, 56, EV 88.8 MPH)
|
Batting: LHB Ryan Murdock
|
0-0: SINGLE (Groundball, 4MD, EV 96.2 MPH)
|
Batting: RHB Yojiro Hayashi
|
0-0: Ground out 4-3 (Groundball, 4, EV 83.8 MPH)
|
Top of the 5th over - 0 runs, 2 hits, 0 errors, 1 left on base; Rome 0 - Vancouver 2 |
BOTTOM OF THE 5TH |
Vancouver Canadians batting - Pitching for Rome Braves : RHP Gabe Fillmore
|
Batting: RHB Jose Garza
|
0-0: Foul Ball, location: 2F 0-1: Ball 1-1: Ball 2-1: Swinging Strike 2-2: Foul Ball, location: 2F 2-2: Strikes out swinging
|
Batting: RHB Bobby Lasaguna
|
0-0: Ground out 1-3 (Groundball, 15, EV 67.5 MPH)
|
Batting: RHB Lee McKay
|
0-0: Ball 1-0: Ground out 5-3 (Groundball, 56, EV 86.9 MPH)
|
Bottom of the 5th over - 0 runs, 0 hits, 0 errors, 0 left on base; Rome 0 - Vancouver 2 |
TOP OF THE 6TH |
Rome Braves batting - Pitching for Vancouver Canadians : RHP Robby Granados
|
Batting: RHB Gerard Michel
|
0-0: Ball 1-0: Foul Ball, location: 2F 1-1: Ball 2-1: Foul Ball, location: 2F 2-2: Strikes out swinging
|
Batting: RHB Bill Turnbull
|
0-0: Ball 1-0: Ball 2-0: Foul Ball, location: 2F 2-1: Foul Ball, location: 2F 2-2: Ball 3-2: Foul Ball, location: 2F 3-2: Ground out 5-3 (Groundball, 56S, EV 85.6 MPH)
|
Batting: RHB Joe Young
|
0-0: Ground out 4-3 (Groundball, 4M, EV 88.1 MPH)
|
Top of the 6th over - 0 runs, 0 hits, 0 errors, 0 left on base; Rome 0 - Vancouver 2 |
BOTTOM OF THE 6TH |
Vancouver Canadians batting - Pitching for Rome Braves : RHP Gabe Fillmore
|
Batting: LHB Ray Whitehead
|
0-0: Foul Ball, location: 2F 0-1: Ball 1-1: Ground out 4-3 (Groundball, 34, EV 80.0 MPH)
|
Batting: RHB Cesar Chavez
|
0-0: Hit by Pitch
|
Batting: LHB Sonny Flood
|
0-0: Ball 1-0: Called Strike 1-1: Fly out, F8 (Flyball, 78M, EV 81.9 MPH)
|
Batting: RHB Kyle Scruggs
|
0-0: Called Strike 0-1: Fielders Choice at 2nd, 6-4 (Groundball, 6, EV 86.2 MPH)
|
Bottom of the 6th over - 0 runs, 0 hits, 0 errors, 1 left on base; Rome 0 - Vancouver 2 |
TOP OF THE 7TH |
Rome Braves batting - Pitching for Vancouver Canadians : RHP Robby Granados
|
Now at 1B: Alex Vazquez
|
|
Now in LF: Sonny Flood
|
|
Now in CF: Dan Hilyer
|
|
Batting: RHB Corey Dalton
|
0-0: Ball 1-0: Foul Ball, location: 2F 1-1: Foul Ball, location: 2F 1-2: Strikes out swinging
|
Batting: RHB Jose Ramos
|
0-0: Ball 1-0: SINGLE (Line Drive, 8RS, EV 93.1 MPH)
|
Batting: LHB Art D'Ascenzo
|
0-0: Called Strike 0-1: Called Strike 0-2: Ball 1-2: Grounds into double play, 4-6-3 (Groundball, 4M, EV 98.8 MPH)
|
Top of the 7th over - 0 runs, 1 hit, 0 errors, 0 left on base; Rome 0 - Vancouver 2 |
BOTTOM OF THE 7TH |
Vancouver Canadians batting - Pitching for Rome Braves : RHP Gabe Fillmore
|
Batting: SHB Scott Robbins
|
0-0: Called Strike 0-1: Ball 1-1: Called Strike 1-2: Foul Ball, location: 2F 1-2: Strikes out looking
|
Batting: RHB Porter Welsh
|
0-0: Ball 1-0: Foul Ball, location: 2F 1-1: Ball 2-1: Ball 3-1: Ground out 4-3 (Groundball, 4, EV 83.8 MPH)
|
Batting: RHB Jose Garza
|
0-0: Ground out 4-3 (Groundball, 4, EV 85.6 MPH)
|
Bottom of the 7th over - 0 runs, 0 hits, 0 errors, 0 left on base; Rome 0 - Vancouver 2 |
TOP OF THE 8TH |
Rome Braves batting - Pitching for Vancouver Canadians : RHP Robby Granados
|
Now at 2B: Jamie Ogilvie
|
|
Now in CF: Adam Santarelli
|
|
Now in RF: Dan Hilyer
|
|
Batting: SHB Jose Melendez
|
0-0: Foul Ball, location: 2F 0-1: Ground out 6-3 (Groundball, 6M, EV 99.4 MPH)
|
Batting: LHB Ryan Murdock
|
0-0: Ball 1-0: Ball 2-0: Called Strike 2-1: Foul Ball, location: 2F 2-2: Strikes out looking
|
Batting: RHB Yojiro Hayashi
|
0-0: Fly out, F8 (Flyball, 8LXD, EV 108.1 MPH)
|
Top of the 8th over - 0 runs, 0 hits, 0 errors, 0 left on base; Rome 0 - Vancouver 2 |
BOTTOM OF THE 8TH |
Vancouver Canadians batting - Pitching for Rome Braves : RHP Gabe Fillmore
|
Batting: RHB Bobby Lasaguna
|
0-0: Swinging Strike 0-1: SINGLE (Groundball, 4M, EV 90.6 MPH) (infield hit)
|
Batting: RHB Lee McKay
|
0-0: Ball 1-0: Foul Ball, location: 2F 1-1: Foul Ball, location: 2F 1-2: Ground out 5-3 (Groundball, 56, EV 103.8 MPH) Bobby Lasaguna to second
|
Batting: RHB Dan Hilyer
|
0-0: Ball Bobby Lasaguna steals 3rd base 1-0: Swinging Strike 1-1: Called Strike 1-2: Strikes out swinging
|
Pitching: LHP Shingo Miura
|
|
Batting: RHB Alex Vazquez
|
0-0: Ball 1-0: Ball 2-0: Foul Ball, location: 2F 2-1: Ball 3-1: Base on Balls
|
Pinch Hitting: RHB Takanibu Kaneshiro
|
0-0: Ball 1-0: Ball 2-0: Ball 3-0: Called Strike 3-1: Foul Ball, location: 2F 3-2: Base on Balls Alex Vazquez to second
|
Batting: RHB Kyle Scruggs
|
0-0: Called Strike 0-1: Foul Ball, location: 2F 0-2: Strikes out looking
|
Bottom of the 8th over - 0 runs, 1 hit, 0 errors, 3 left on base; Rome 0 - Vancouver 2 |
TOP OF THE 9TH |
Rome Braves batting - Pitching for Vancouver Canadians : RHP Robby Granados
|
Pitching: RHP Joe Spencer
|
|
Now in LF: Adam Santarelli
|
|
Now in CF: Jose Ontiveros
|
|
Pinch Hitting: LHB Javier Rubio
|
0-0: Called Strike 0-1: Foul Ball, location: 2F 0-2: Strikes out swinging
|
Batting: RHB Bill Turnbull
|
0-0: Swinging Strike 0-1: Called Strike 0-2: Ball 1-2: Foul Ball, location: 2F 1-2: Ball 2-2: Ball 3-2: Strikes out looking
|
Batting: RHB Joe Young
|
0-0: Called Strike 0-1: Ball 1-1: Swinging Strike 1-2: Strikes out looking
|
Top of the 9th over - 0 runs, 0 hits, 0 errors, 0 left on base; Rome 0 - Vancouver 2 |
|